 Dungeon Crawl Stone Soup version 0.31-a0-771-g505c3d19dc (webtiles) character file.

Game seed: 8155179890783720928

1153 cforsyth the Trooper (level 8, -5/57 HPs)
             Began as a Djinni Delver on Sept 16, 2023.
             Was a Believer of Hepliaklqana.
             Slain by an orc warrior
             ... wielding a +0 long sword
              (10 damage)
             ... on level 5 of the Dungeon.
             The game lasted 00:07:11 (5829 turns).

cforsyth the Trooper (Djinni Delver)                Turns: 5829, Time: 00:07:11

Health: -5/57      AC:  5    Str: 11    XL:     8   Next: 65%
Gold:   321        EV: 12    Int: 14    God:    Hepliaklqana [**....] SH:  5 Dex: 15

rFire   + + .        e - +1 short sword (elec)
rCold   x . .        (no shield)
rNeg    . . .        b - +0 leather armour
rPois   ∞            z - +0 helmet
rElec   .            j - +0 cloak
rCorr   .            (no gloves)
SInv    +            (boots unavailable)
Will    .....        i - amulet of reflection
Stlth   ++           l - ring of see invisible
HPRegen 0.29/turn    (no ring)
MPRegen 0.00/turn

%: reflection, infuse magic (-6 HP)
@: immotile, flying
A: reduced essence, sickness immunity, fire resistance 2, cold vulnerability 1,
float, innate caster, HP casting, extra vitality 1
a: Renounce Religion, Recall Ancestor, Ancestor Identity


You were on level 5 of the Dungeon.
You worshipped Hepliaklqana.
Hepliaklqana was pleased with you.
You visited 1 branch of the dungeon, and saw 6 of its levels.

You collected 321 gold pieces.

Inventory:

Hand Weapons
 a - a +0 falchion
 e - a +1 short sword of electrocution (weapon)
Armour
 b - a +0 leather armour (worn)
 j - a +0 cloak (worn)
 z - a +0 helmet (worn)
Jewellery
 i - an amulet of reflection (around neck)
 l - a ring of see invisible (left hand)
Wands
 g - a wand of digging (3)
 s - a wand of flame (13)
Scrolls
 c - 2 scrolls of fog
 d - 3 scrolls of revelation
 h - 4 scrolls of identify {unknown}
 p - a scroll of enchant weapon {unknown}
 t - 2 scrolls of silence {unknown}
 u - a scroll of blinking {unknown}
 w - a scroll of teleportation {unknown}
 x - a scroll of vulnerability {unknown}
 y - a scroll of butterflies {unknown}
 A - 3 scrolls of fear
 B - a scroll of noise {unknown}
Potions
 f - 2 potions of haste
 k - a potion of ambrosia {unknown}
 m - a potion of brilliance {unknown}
 n - a potion of degeneration {unknown}
 o - 3 potions of curing {unknown}
 q - a potion of might {unknown}
 r - a potion of magic {unknown}
 v - a potion of lignification {unknown}


   Skills:
 + Level 7.5 Fighting
 - Level 1.7 Long Blades
 - Level 2.1 Dodging
 - Level 4.1 Stealth
 + Level 4.9 Spellcasting
 + Level 4.9 Conjurations
 + Level 4.9 Hexes
   Level 0.0 Charms
 + Level 4.9 Summonings
 + Level 4.9 Necromancy
 + Level 4.9 Translocations
 + Level 4.9 Transmutations
 + Level 4.9 Fire Magic
 + Level 4.9 Ice Magic
 + Level 4.9 Air Magic
 + Level 4.9 Earth Magic
 + Level 4.9 Poison Magic


You knew the following spells:

 Your Spells              Type           Power      Damage    Failure   Level
a - Sting                 Tmut/Pois      68%        1d6       3%          1
b - Searing Ray           Conj           34%        2d5       4%          2
c - Momentum Strike       Conj/Tloc      34%        3d8       4%          2
Your spell library was empty.

Dungeon Overview and Level Annotations

Branches:
Dungeon (6/15)             Temple (0/1) D:5

Altars:
Dithmenos
Hepliaklqana
Ru
Uskayaw
Xom
Yredelemnul

Annotations:
D:5 2 transporters, Pokonic1's ghost, amateur GrEE


Innate Abilities, Weirdness & Mutations

Your life essence is reduced to manifest your ancestor. (-10% HP)
You are immune to sickness and miasma.
You are immune to poison.
Your flesh is very heat resistant. (rF++)
You are vulnerable to cold. (rC-)
You float through the air rather than walking.
You learn spells naturally, not from books.
Your magical power is your life essence.
You have superior vitality. (+4 MHP)


Message History

Xiloxoch is destroyed!
The sting hits the orc warrior but does no damage.
The orc warrior looks even sicker.
The orc warrior is heavily wounded.
The sting hits the orc warrior but does no damage.
The orc warrior looks as sick as possible!
The orc warrior is heavily wounded.
You hit the orc warrior but do no damage.
The orc warrior is heavily wounded.
The orc warrior hits you with a +0 long sword!
Casting: Sting (safe; 3% risk of failure)
Confirm with . or Enter, or press ? or * to list all spells.
Aiming: Searing Ray (safe; 4% risk of failure)
Press: ? - help, Shift-Dir - straight line, f/p - orc warrior
Aim: an orc warrior, wielding a +0 long sword and wearing a +0 plate armour (severely wounded, extremely poisoned, 78% to hit)
The searing ray misses the orc warrior. (Press . to maintain the ray.)
The orc warrior hits you with a +0 long sword!
* * * LOW HITPOINT WARNING * * *
Casting: Searing Ray (safe; 4% risk of failure)
Confirm with . or Enter, or press ? or * to list all spells.
Aiming: Momentum Strike (safe; 4% risk of failure)
Press: ? - help, Dir - move target, f/p - orc warrior
Aim: an orc warrior, wielding a +0 long sword and wearing a +0 plate armour (almost dead, extremely poisoned, 71% to hit)
The concentrated momentum hits the orc warrior but does no damage.
The orc warrior is almost dead.
You are unable to move.
* * * LOW HITPOINT WARNING * * *
The orc warrior hits you with a +0 long sword!
* * * LOW HITPOINT WARNING * * *
Casting: Momentum Strike (safe; 4% risk of failure)
Confirm with . or Enter, or press ? or * to list all spells.
Aiming: Searing Ray (safe; 4% risk of failure)
Press: ? - help, Shift-Dir - straight line, f/p - orc warrior
Aim: an orc warrior, wielding a +0 long sword and wearing a +0 plate armour (almost dead, very poisoned, 78% to hit)
The searing ray misses the orc warrior. (Press . to maintain the ray.)
* * * LOW HITPOINT WARNING * * *
The orc warrior hits you with a +0 long sword!
You die...

#.# ##.###### #.# #.#
#<######.# #.....#..#
#####.#.## #.#(# #.#>#
#.#o# # #.#@##### ##
#>......# .# ###.###.# .#
#.# #.# .# #.# #.# .#
#######.# #.# .##
#.......###.#
..########.###.#.##..######
..........................#


You could see an orc warrior (very poisoned).

Vanquished Creatures
  Menkaure (D:4)
  A sky beast (D:6)
  An ogre (D:5)
  A phantom (D:5)
  A kobold brigand (D:5)
  A scorpion (D:4)
  2 hounds
  Crazy Yiuf (D:5)
  An orc priest (D:4)
  A gnoll bouda (D:5)
  3 orc wizards
  Ijyb (D:3)
  2 iguanas
  2 gnolls (D:5)
  6 adders
  A worm (D:5)
  4 dart slugs
  17 orcs
  8 bats
  7 endoplasms
  2 giant cockroaches
  5 goblins
  3 hobgoblins
  7 kobolds
  3 quokkas
  7 ball pythons
  A frilled lizard (D:2)
  8 rats
98 creatures vanquished.

Vanquished Creatures (collateral kills)
  2 hounds (D:5)
  2 iguanas (D:5)
  3 gnolls (D:5)
  An orc (D:5)
  A ball python (D:2)
  3 endoplasms
  A giant cockroach (D:1)
  A hobgoblin (D:1)
  4 quokkas
  2 bats
  A frilled lizard (D:1)
  A goblin (D:1)
  3 kobolds
  3 rats
28 creatures vanquished.

Vanquished Creatures (others)
  2 battlemagi (D:5)
2 creatures vanquished.

Grand Total: 128 creatures vanquished

Notes
Turn   | Place    | Note
-------+----------+-------------------------------------------
     0 | D:5      | cforsyth the Djinni Delver began the quest for the Orb.
     0 | D:5      | Reached XP level 1. HP: 20/20 MP: 0/0
    24 | D:5      | Noticed a kobold brigand
    59 | D:6      | Noticed a sky beast
    85 | D:5      | Noticed a phantom
   316 | D:4      | Reached XP level 2. HP: 25/25 MP: 0/0
   348 | D:4      | Reached skill level 1 in Spellcasting
   348 | D:4      | Reached skill level 1 in Conjurations
   348 | D:4      | Reached skill level 1 in Hexes
   348 | D:4      | Reached skill level 1 in Summonings
   348 | D:4      | Reached skill level 1 in Necromancy
   348 | D:4      | Reached skill level 1 in Translocations
   348 | D:4      | Reached skill level 1 in Transmutations
   348 | D:4      | Reached skill level 1 in Fire Magic
   348 | D:4      | Reached skill level 1 in Ice Magic
   348 | D:4      | Reached skill level 1 in Air Magic
   348 | D:4      | Reached skill level 1 in Earth Magic
   348 | D:4      | Reached skill level 1 in Poison Magic
   348 | D:4      | Reached XP level 3. HP: 20/31 MP: 0/0
   348 | D:4      | Learned a level 1 spell: Sting
   399 | D:4      | Reached skill level 4 in Fighting
   399 | D:4      | Reached XP level 4. HP: 19/37 MP: 0/0
   565 | D:4      | Reached XP level 5. HP: 36/42 MP: 0/0
   565 | D:4      | Learned a level 2 spell: Searing Ray
   726 | D:4      | Reached XP level 6. HP: 45/49 MP: 0/0
  1189 | D:4      | Noticed Menkaure
  1196 | D:4      | Killed Menkaure
  1197 | D:4      | Reached skill level 5 in Fighting
  1402 | D:5      | Reached XP level 7. HP: 48/54 MP: 0/0
  1402 | D:5      | Learned a level 2 spell: Momentum Strike
  1692 | D:5      | Found a hazy altar of Hepliaklqana.
  1693 | D:5      | Found a hide-covered altar of Uskayaw.
  1699 | D:5      | Became a worshipper of Hepliaklqana the Forgotten
  1734 | D:5      | Reached skill level 6 in Fighting
  2221 | D:3      | Found a sacrificial altar of Ru.
  2348 | D:3      | Noticed Ijyb
  2357 | D:3      | Killed Ijyb
  2664 | D:3      | Reached * piety under Hepliaklqana
  3586 | D:2      | Reached ** piety under Hepliaklqana
  3587 | D:2      | Remembered your ancestor Xiloxoch as a battlemage
  4837 | D:5      | Reached XP level 8. HP: 26/55 MP: 0/0
  5001 | D:5      | Found a staircase to the Ecumenical Temple.
  5091 | D:5      | Found a runed translucent door.
  5092 | D:5      | Noticed Crazy Yiuf
  5205 | D:5      | Found a basalt altar of Yredelemnul.
  5208 | D:5      | Found a shadowy altar of Dithmenos.
  5209 | D:5      | Found a shimmering altar of Xom.
  5270 | D:5      | Reached skill level 7 in Fighting
  5355 | D:5      | Noticed Pokonic1's ghost (amateur GrEE)
  5366 | D:5      | Found a transporter.
  5366 | D:5      | Found a transporter.
  5671 | D:5      | Killed Crazy Yiuf
  5829 | D:5      | Slain by an orc warrior

Illustrated notes

Levels and vault maps discovered:
D:1:      ncdulo_wetmaze, layout_loops_ring
D:2:      layout_basic, minmay_misc_feat_encased, grunt_decor_cap,
          kennysheep_generic_room_7
D:3:      layout_basic, nicolae_ru_great_annihilating_truth, kennysheep_path_1,
          minmay_misc_feat_rows, uniq_ijyb
D:4:      layout_cave_pods, minmay_small_thing, uniq_menkaure
D:5:      layout_loops_ring, minitemple, minmay_temple_entry_trees,
          gammafunk_ghost_gnarly_gnolls, uniq_crazy_yiuf_cottage
D:6:      layout_cave_pods, mainiacjoe_overflow_paths

Skill      XL: |  1  2  3  4  5  6  7  8 |
---------------+-------------------------+-----
Spellcasting   | 1 2 3 4 |  4.9
Conjurations   | 1 2 3 4 |  4.9
Hexes          | 1 2 3 4 |  4.9
Summonings     | 1 2 3 4 |  4.9
Necromancy     | 1 2 3 4 |  4.9
Translocations | 1 2 3 4 |  4.9
Transmutations | 1 2 3 4 |  4.9
Fire Magic     | 1 2 3 4 |  4.9
Ice Magic      | 1 2 3 4 |  4.9
Air Magic      | 1 2 3 4 |  4.9
Earth Magic    | 1 2 3 4 |  4.9
Poison Magic   | 1 2 3 4 |  4.9
Fighting       | 4 5 6 7 |  7.5
Long Blades    | |  1.7
Dodging        | |  2.1
Stealth        | |  4.1

Action                     |  1- 3 |  4- 6 |  7- 9 || total
---------------------------+-------+-------+-------++-------
  Melee: Short sword       |    48 |    32 |   181 ||   261
         Falchion          |     2 |       |       ||     2
         Punch             |       |     1 |     3 ||     4
   Cast: Sting             |       |    30 |    64 ||    94
         Searing Ray       |       |       |     7 ||     7
         Momentum Strike   |       |       |     2 ||     2
 Invoke: Ancestor Life: Ba |       |       |     1 ||     1
    Use: Scroll            |     1 |       |       ||     1
   Stab: Sleeping          |     2 |       |     5 ||     7
         Paralysed         |       |       |     1 ||     1
 Armour: Leather armour    |    30 |    14 |    95 ||   139
  Dodge: Dodged            |    31 |    21 |    90 ||   142
  Block: Other             |     9 |     5 |    35 ||    49
         Reflection        |     2 |       |       ||     2

Table legend: (Time is in decaauts)
 A = Elapsed time spent in this place.
 B = Non-inter-level travel time spent in this place.
 C = Inter-level travel time spent in this place.
 D = Time resting spent in this place.
 E = Time spent auto-exploring this place.
 F = Levels seen in this place.
 G = Mean time per level.
                   A        B        C        D        E       F      G
               +--------+--------+--------+--------+--------+-----+--------+
         Total |   5819 |   5508 |    311 |    260 |   4406 |   6 |  969.8 |
       Dungeon |   5819 |   5508 |    311 |    260 |   4406 |   6 |  969.8 |
               +--------+--------+--------+--------+--------+-----+--------+

Top non-repeatable levels by time:
     D:5: 1526 daAuts
     D:4: 1310 daAuts
     D:3: 1214 daAuts
     D:2: 1062 daAuts
     D:1: 687 daAuts
     D:6: 18 daAuts
